 Dungeon Crawl Stone Soup version 0.25-a0-577-ga4619f409e (webtiles) character file.

Game seed: 13381848192976251159, levelgen mode: deterministic

49 Flugslaktarn the Skirmisher (level 3, -1/33 HPs)
             Began as a Minotaur Fighter on Mar 2, 2020.
             Killed by nerve-wracking pain
             ... invoked by an orc priest
              (14 damage)
             ... on level 3 of the Dungeon.
             The game lasted 00:00:17 (324 turns).

Flugslaktarn the Skirmisher (Minotaur Fighter)       Turns: 324, Time: 00:00:18

Health: -1/33      AC:  7    Str: 21    XL:     3   Next: 51%
Magic:  2/2        EV:  7    Int:  5    God:
Gold:   14         SH:  9    Dex:  9    Spells: 2/2 levels left

rFire    . . .     SeeInvis .   a - +0 war axe
rCold    . . .     Gourm    .   c - +0 kite shield
rNeg     . . .     Faith    .   b - +0 scale mail
rPois    .         Spirit   .   (helmet restricted)
rElec    .         Reflect  .   (no cloak)
rCorr    .         Harm     .   (no gloves)
MR       .....                  (no boots)
Stlth    ..........             (no amulet)
HPRegen  0.11/turn              (no ring)
MPRegen  0.08/turn              (no ring)

@: no status effects
A: retaliatory headbutt, horns 2
a: no special abilities


You were on level 3 of the Dungeon.
You were not hungry.

You visited 1 branch of the dungeon, and saw 3 of its levels.

You collected 14 gold pieces.

Inventory:

Hand Weapons
 a - a +0 war axe (weapon)
Armour
 b - a +0 scale mail (worn)
 c - a +0 kite shield (worn)
Scrolls
 f - 2 scrolls of remove curse {unknown}
 i - a scroll of blinking {unknown}
Potions
 d - a potion of might
 h - a potion of flight {unknown}
 j - a potion of degeneration {unknown}
Comestibles
 e - 2 rations
 g - 9 chunks of flesh


   Skills:
 + Level 4.1 Fighting
 * Level 3.5 Axes
 + Level 4.0 Armour
 + Level 4.1 Shields


You had 2 spell levels left.
You didn't know any spells.
Your spell library was empty.

Dungeon Overview and Level Annotations

Branches:
Dungeon (3/15)

Altars:
Ashenzari


Innate Abilities, Weirdness & Mutations

You reflexively headbutt those who attack you in melee.
You have a pair of horns on your head.


Message History

The orc priest closely misses you.
The hobgoblin shouts!
You slash the orc wizard!
You kill the orc wizard!
Your Fighting skill increases to level 4!
Your Armour skill increases to level 4!
Your Shields skill increases to level 4!
You have reached level 3!
Your experience leads to an increase in your attributes!
Increase (S)trength, (I)ntelligence, or (D)exterity?
You feel stronger.
You closely miss the orc priest.
The orc priest looks braver for a moment.
The orc priest hits you but does no damage.
You closely miss the orc priest.
The orc priest looks satisfied for a moment.
You hit the orc priest but do no damage.
The orc priest calls down the wrath of Beogh upon you.
Pain shoots through your body!
You die...

.#####
.....#
.###.#
.###.##
##.###..#
#...#.. #
#.).#....
#@)._..#
#.o.#....
#...#.g .
...###...
...###..[
....###!..
##........
#.<.#...#


You could see an orc priest and a hobgoblin.

Vanquished Creatures
  An orc wizard (D:3)
  A dart slug (D:1)
  An orc (D:3)
  A giant cockroach (D:1)
  3 goblins
  3 kobolds (D:1)
  3 bats (D:1)
  3 frilled lizards
  A rat (D:1)
17 creatures vanquished.

Notes
Turn   | Place    | Note
-------+----------+-------------------------------------------
     0 | D:1      | Flugslaktarn the Minotaur Fighter began the quest for the
                  | Orb.
     0 | D:1      | Reached XP level 1. HP: 19/19 MP: 0/0
   141 | D:1      | Reached XP level 2. HP: 26/27 MP: 1/1
   316 | D:3      | Found a shattered altar of Ashenzari.
   322 | D:3      | Reached XP level 3. HP: 13/33 MP: 2/2
   324 | D:3      | Killed from afar by an orc priest

Levels and vault maps discovered:
D:1:      dpeg_arrival_simpleton_c, layout_loops_corners
D:2:      layout_basic, grunt_temple_overflow_forces_of_nature,
          minmay_misc_feat_iff, nicolae_qazlal_general_emergency, uniq_jessica,
          uniq_terence
D:3:      layout_loops_cross, cheibrodos_ashenzari_chains, first_ration,
          chequers_ecumenical_altar_simple_redux

Skill      XL: |  1  2 |
---------------+-------+-----
Axes           | 3 |  3.5
Fighting       | 4 |  4.1
Armour         | 4 |  4.0
Shields        | 4 |  4.1

Action                   || total
-------------------------++-------
Melee: War axe           ||    41
       Headbutt          ||     3
Armor: Scale mail        ||    13
Dodge: Dodged            ||     9
Block: Kite shield       ||    18

Table legend:
 A = Non-vault XP
 B = Vault XP
 C = Vault XP percentage of total XP
 D = Non-vault monster count
 E = Vault monster count
 F = Vault count percentage of total count
                 A         B        C        D         E       F
            +---------+---------+-------+---------+---------+-------
      Total |      70 |       0 |   0.0 |      17 |       0 |   0.0
            +---------+---------+-------+---------+---------+-------
        D:1 |      21 |       0 |   0.0 |      12 |       0 |   0.0
        D:2 |       4 |       0 |   0.0 |       3 |       0 |   0.0
        D:3 |      45 |       0 |   0.0 |       2 |       0 |   0.0
            +---------+---------+-------+---------+---------+-------
